[Event "Cabo Verde Open 2022"]
[Site "Mindelo-S. Vicente"]
[Date "2022.04.22"]
[Round "1.1"]
[White "Strikovic, Aleksa"]
[Black "Fernandes, Luis De Pina"]
[Result "1-0"]
[ECO "A31"]
[WhiteElo "2489"]
[BlackElo "1639"]
[Annotator "TA"]
[PlyCount "55"]
[EventDate "2022.04.22"]
[EventType "swiss"]
[SourceTitle "playchess.com"]
[Source "ChessBase"]
[SourceQuality "1"]
[TimeControl "40/5400+30:1800+30"]

1. c4 c5 2. Nf3 Nc6 3. d4 cxd4 4. Nxd4 Nf6 5. Nc3 e5 6. Nc2 Be7 7. g3 d6 8. Bg2 O-O 9. O-O a6 {[%emt 0:05:36] A31: Symmetrical English: 2 Nf3 Nf6 3 d4.} 10. b3 Rb8 {[%emt 0:00:29] [#]} 11. Ne3 $146 ({Predecessor:} 11. Qd3 Be6 12. Nd5 Ne8 13. Ba3 f5 14. Rad1 Nf6 15. Nxe7+ Nxe7 16. Qxd6 Qxd6 17. Bxd6 Rbd8 18. Bxe7 Rxd1 19. Rxd1 Re8 20. Bxf6 {1-0 (20) Bolda,G (2198)-Dawkins,A (1604) ICCF email 2011}) 11... Nd4 {[%emt 0:02:45] White is better.} 12. Ned5 Nxd5 13. Nxd5 Bg5 (13... Be6 $16) 14. e3 Ne6 15. Ba3 {[%emt 0:00:54][%cal Oa3d6] [#] Bxd6! is the strong threat. &Bianco is more active.} Nc5 16. b4 $36 {[%emt 0:00:52][%mdl 2048] White is on the roll.} Ne6 17. Rc1 (17. f4 $18 Be7 18. Bb2) 17... b5 $2 {[%emt 0:00:43] Black cannot hold the game after this.} (17... Nc7 $16 {was called for.}) 18. c5 $18 dxc5 19. bxc5 Nc7 20. c6 {[%emt 0:01:22] [#] Hoping for Nxc7.} Re8 (20... b4 $142) 21. Nxc7 Qxc7 22. Bd6 Qb6 23. Bxb8 Qxb8 24. c7 Qb6 25. Bc6 Rf8 26. Bd7 Bxd7 27. Qxd7 Bxe3 28. c8=Q {[%emt 0:01:34] Weighted Error Value: White=0.30/Black=0.94} 1-0

[Event "Cabo Verde Open 2022"]
[Site "Mindelo-S. Vicente"]
[Date "2022.04.22"]
[Round "1.2"]
[White "Barros Gutierrez, Angel Luis"]
[Black "Ortega Amarelle, Mariano"]
[Result "0-1"]
[ECO "B33"]
[WhiteElo "2040"]
[BlackElo "2476"]
[Annotator "TA"]
[PlyCount "48"]
[EventDate "2022.04.22"]
[EventType "swiss"]
[SourceTitle "playchess.com"]
[Source "ChessBase"]
[SourceQuality "1"]
[TimeControl "40/5400+30:1800+30"]

1. e4 c5 2. Nf3 Nc6 3. d4 cxd4 4. Nxd4 Nf6 5. Nc3 e5 6. Nf3 Bb4 7. Bd2 Bxc3 8. Bxc3 Nxe4 9. Qd3 (9. Nxe5 $15 Nxc3 10. Nxc6) 9... Nxc3 $17 {[%emt 0:03:39] B33: Sicilian: Pelikan and Sveshnikov Variations.} 10. Qxc3 O-O 11. Bc4 (11. Bb5 $17 {is a better defense.}) 11... d5 $19 {[%emt 0:00:22][%cal Bd7d5,Bd5d4,Bd4e3,Be3e2][%mdl 32] Black is clearly better.} 12. Bb3 {[%emt 0:01:04] [#]} d4 $146 ({Predecessor:} 12... e4 13. Nd4 Nxd4 14. Qxd4 Qg5 15. g3 Re8 16. f4 exf3+ 17. Kf2 Re4 18. Qxd5 Qe3+ 19. Kf1 Qe2+ 20. Kg1 {½-½ (20) Le Luong Phuong,T-Nguyen T Ngoc,H Hue 2004}) 13. Qd2 (13. Qc5 $142) 13... e4 14. Ng5 (14. Ng1 {was the crucial defense.}) 14... e3 15. fxe3 Qxg5 16. O-O-O dxe3 17. Qc3 e2+ 18. Rd2 Rd8 {[%emt 0:02:57] [#] Threatens to win with ...Bg4.} 19. Re1 Bg4 {[%emt 0:01:06] ( -> ...Rxd2)} 20. h3 Rxd2 {[%emt 0:00:56][%csl Ge2,Gg4][%cal Rd2d1] Black mates.} 21. Bxf7+ Kxf7 22. Qb3+ Rd5+ 23. Kb1 {[%emt 0:00:44] [#]} Qd2 $1 24. Qxb7+ Ne7 {[%emt 0:00:11] White did not feel at home in the position after the opening.  Weighted Error Value: White=1.27/Black=0.01 (flawless)} 0-1

[Event "Cabo Verde Open 2022"]
[Site "Mindelo-S. Vicente"]
[Date "2022.04.23"]
[Round "1.3"]
[White "Galego, Luis"]
[Black "Neves, Diogo Alexandre"]
[Result "1-0"]
[ECO "B12"]
[WhiteElo "2474"]
[BlackElo "1555"]
[Annotator "TA"]
[PlyCount "77"]
[EventDate "2022.04.22"]
[EventType "swiss"]
[SourceTitle "playchess.com"]
[Source "ChessBase"]
[SourceQuality "1"]
[TimeControl "40/5400+30:1800+30"]

1. e4 c6 2. d4 d5 3. e5 Bf5 4. h4 h6 5. g4 Be4 6. f3 Bh7 {[%emt 0:00:43] B12: Caro-Kann: Advance Variation.} 7. Bd3 (7. e6 {seems wilder.} Nf6 8. Bd3 Qd6 9. exf7+ Kxf7 10. Bxh7 Rxh7 11. Qe2) 7... Bxd3 8. Qxd3 {[%emt 0:00:02][%cal Oe5e6] Threatening e6!} e6 {[%emt 0:02:05] The position is equal.} 9. Be3 Qb6 10. Nc3 {[%emt 0:02:38] Active counter play!} Bb4 11. Nge2 {[%emt 0:03:17][%cal Bg1e2,Be2f4,Bf4h5,Bh5f6][%mdl 32] [#]} Ne7 $146 ({Predecessor:} 11... Qa6 12. Qd1 Nd7 13. a3 Bf8 14. f4 O-O-O 15. f5 c5 16. fxe6 fxe6 17. Nf4 cxd4 18. Bxd4 {1-0 (57) Sarantungalag,S (1986)-Lkhamsuren,U (2155) Ulaanbaatar 2015}) 12. O-O-O $36 {[%emt 0:01:53][%mdl 2048] White has some pressure.} Bxc3 13. Qxc3 (13. Nxc3 $14 Nd7 14. h5) 13... Na6 (13... Qa6 $11 14. Kd2 Nd7) 14. Nf4 O-O-O 15. Kb1 Qb4 16. Qxb4 Nxb4 17. Nh5 Rdg8 18. f4 Na6 19. Rdf1 g6 20. Nf6 Rf8 {[%emt 0:00:07] [#]} 21. h5 $1 Nc7 22. Rf2 Ng8 23. hxg6 fxg6 {[%emt 0:01:39] [#]} 24. Nxg8 Rfxg8 25. Rfh2 g5 $2 {[%emt 0:01:00][%mdl 8192] This move loses the game for Black.} (25... h5 $16 {is tougher.}) 26. fxg5 $18 Rg6 27. Rh4 Kd7 28. gxh6 Rh7 29. Rf1 Ke7 30. g5 Ne8 31. Rhh1 a6 32. Kc1 b5 33. Kd2 Ng7 34. hxg7 Rxh1 35. Rxh1 Rxg7 36. Ke2 Kf7 37. Kf3 Kg6 38. Rh6+ Kf5 39. Rf6# {[%emt 0:57:37] Weighted Error Value: White=0.08 (flawless) /Black=0.54} 1-0

[Event "Cabo Verde Open 2022"]
[Site "Mindelo-S. Vicente"]
[Date "2022.04.22"]
[Round "1.4"]
[White "Fortes, Aires"]
[Black "Del Rio De Angelis, Salvador G."]
[Result "0-1"]
[ECO "A41"]
[WhiteElo "1540"]
[BlackElo "2452"]
[Annotator "TA"]
[PlyCount "36"]
[EventDate "2022.04.22"]
[EventType "swiss"]
[SourceTitle "playchess.com"]
[Source "ChessBase"]
[SourceQuality "1"]
[TimeControl "40/5400+30:1800+30"]

1. e4 c6 2. d4 d6 3. Bd3 Nf6 4. Nf3 Bg4 5. h3 Bh5 6. Bf4 {[%emt 0:01:44] A41: 1 d4 d6: Tartakower System and Modern Defence.} e6 7. Nbd2 Be7 {[%emt 0:00:26] [#]} 8. Nf1 $146 (8. O-O $14) ({Predecessor:} 8. c3 e5 9. Bh2 exd4 10. cxd4 O-O 11. Qc2 Bg6 12. O-O Nbd7 13. Rfe1 Rc8 14. Nh4 {1-0 (32) Bicek,R (2104)-Zboril,J (1953) Czech Republic 2017}) 8... Qb6 9. Bxd6 $2 Bxf3 $19 ({Don't blunder} 9... Bxd6 $2 10. e5 Bxf3 11. gxf3 $19) (9... Qxb2 10. Rb1 $1 (10. Bxe7 Qc3+ 11. N1d2 Bxf3 $15) 10... Bxf3 11. Rxb2 $11) 10. gxf3 Bxd6 11. e5 Bb4+ ({And not} 11... Qxd4 12. exd6 Nbd7 13. Ne3 $17) 12. c3 Nd5 13. cxb4 Qxb4+ 14. Nd2 Qxd4 ({Worse is} 14... Qxb2 15. Nb3 $17) 15. Nc4 b5 16. Nd6+ Ke7 17. Nxf7 Qb4+ (17... Kxf7 $2 {[#]} 18. Bg6+ $1 hxg6 19. Qxd4 $18) 18. Qd2 Kxf7 {[%emt 0:00:21] White did not feel at home in the position after the opening.  Weighted Error Value: White=0.72/Black=0.02 (flawless)} 0-1

[Event "Cabo Verde Open 2022"]
[Site "Mindelo-S. Vicente"]
[Date "2022.04.23"]
[Round "1.5"]
[White "Fernandes, Antonio"]
[Black "Vera-Cruz, Rui Manuel Nobre de "]
[Result "1-0"]
[ECO "D10"]
[WhiteElo "2313"]
[BlackElo "1526"]
[Annotator "TA"]
[PlyCount "81"]
[EventDate "2022.04.22"]
[EventType "swiss"]
[SourceTitle "playchess.com"]
[Source "ChessBase"]
[SourceQuality "1"]
[TimeControl "40/5400+30:1800+30"]

1. d4 d5 2. Bg5 Nd7 3. c4 c6 4. Nc3 Ngf6 5. e3 g6 6. cxd5 {[%emt 0:03:02] D10: Slav Defence: 3 cxd5 (without early Nf3) and 3 Nc3.} Nxd5 7. e4 Nxc3 8. bxc3 {[%emt 0:00:03] The position is equal.} Qa5 {[%emt 0:00:25] [#]} 9. Qd2 $146 ({Predecessor:} 9. Bd2 Bg7 10. Nf3 O-O 11. Bd3 Qc7 12. O-O e5 13. Qb3 exd4 14. cxd4 Qb6 15. Qc4 {1-0 (63) Smaraki,M (1762)-Shah,R (1663) Bengaluru 2015}) 9... Bg7 10. Bc4 {[%emt 0:19:56] [#]} (10. Bd3 $11) 10... Bf6 (10... Nc5 $1 $15 11. f3 {[#]} (11. dxc5 $2 Bxc3 12. Nf3 Bxd2+ $19) 11... b5 $1) 11. Bh6 {[%emt 0:01:23] aiming for e5.} e5 12. Ne2 {[%emt 0:00:30] &Bianco is more active.} (12. Nf3 $5 ) 12... exd4 13. cxd4 (13. Nxd4 $5 Nb6 14. Bb3 $11) 13... Qxd2+ 14. Kxd2 b5 15. Bd3 Nb6 16. Rac1 Bd7 17. Rc2 Rc8 18. Rhc1 a6 19. Be3 {[%emt 0:08:05][%cal Od4d5] Black should prevent d5!} Na4 20. d5 Bb2 $1 21. Rb1 Bf6 22. Rbc1 Bb2 $1 23. Rb1 Bf6 24. dxc6 Rxc6 25. Rxc6 Bxc6 26. Bc2 O-O 27. Bxa4 {[%emt 0:00:06] Hoping for Bc2.} bxa4 28. Rb6 Rc8 29. f3 Kg7 (29... Be5 $11 {feels stronger.}) 30. Bd4 $16 Bxd4 31. Nxd4 {[%emt 0:00:01][%mdl 4096] Endgame KRB-KRN} Bd7 ({Black should try} 31... Be8) 32. Rxa6 Rb8 33. Ra7 Rd8 34. Ke3 h6 (34... Kf8 $16 35. Rb7 Ke8) 35. h4 g5 (35... h5 $142 36. f4 Kh8) 36. hxg5 hxg5 37. Ra5 Kg6 $2 (37... Kf6 {is a better chance.} 38. Ra7 Be8) 38. Rd5 $18 Kf6 39. a3 {[%emt 0:00:22] Black must now prevent Nf5.} Ke7 40. Re5+ Be6 $2 (40... Kf6 41. Rd5 Ke7 42. Rxg5 Rc8) 41. Nc6+ {[%emt 0:01:02] Weighted Error Value: White=0.21 (precise) /Black=0.30} 1-0

[Event "Cabo Verde Open 2022"]
[Site "Mindelo-S. Vicente"]
[Date "2022.04.23"]
[Round "1.6"]
[White "Soares, Carlos Manuel Santos"]
[Black "L`Ami, Alina"]
[Result "0-1"]
[ECO "B92"]
[WhiteElo "1489"]
[BlackElo "2287"]
[Annotator "TA"]
[PlyCount "96"]
[EventDate "2022.04.22"]
[EventType "swiss"]
[SourceTitle "playchess.com"]
[Source "ChessBase"]
[SourceQuality "1"]
[TimeControl "40/5400+30:1800+30"]

1. e4 c5 2. Nf3 d6 3. d4 cxd4 4. Nxd4 Nf6 5. Nc3 a6 6. Be2 e5 7. Nf3 Be7 8. O-O O-O 9. Bg5 Nbd7 10. h3 b5 11. a3 {[%emt 0:01:44] B92: Sicilian Najdorf: 6 Be2.} Bb7 {[%emt 0:00:49] [#]} 12. Nd2 $146 ({Predecessor:} 12. Bd3 h6 13. Be3 Rc8 14. Nd2 Qc7 15. f4 exf4 16. Rxf4 Ne5 17. Qe2 Nfd7 18. Rf5 Bf6 {½-½ (37) Strugar,J (2199)-Kuzmanovic,A (2021) Belgrade 2017}) 12... Re8 13. Re1 $1 {[%emt 0:07:58] The position is equal.} Rc8 14. Bf1 Qc7 15. Nf3 h6 16. Bh4 Nb6 17. Qd2 Red8 18. Rad1 Nc4 (18... d5 $15 19. exd5 Nfxd5 20. Bxe7 Nxe7) 19. Bxc4 $11 Qxc4 20. Qe3 b4 21. Nd2 Qc5 22. Qxc5 (22. axb4 $11 Qxb4 23. Nb3) 22... dxc5 $15 23. Na4 bxa3 {[%emt 0:01:22] Hoping for ...Rd4.} 24. bxa3 Rd4 (24... g5 $5 25. Bg3 {[#]} Nxe4 $1 26. Nxe4 Rxd1 27. Nf6+ Bxf6 28. Rxd1 Kg7 $17) 25. Nb6 Rcd8 26. Nbc4 g5 ({But not} 26... Bxe4 27. c3 Rd3 28. Bxf6 Bxf6 29. Rxe4 $16) 27. Bg3 Nxe4 28. Bxe5 R4d7 29. Re2 f6 $36 {[%emt 0:04:11][%mdl 2048] Black is pushing.} 30. Bb2 Kf7 31. Rde1 $2 {[%emt 0:09:02] This costs White the game.} Rxd2 $19 {[%emt 0:02:45] Active counter play!} 32. Nxd2 Rxd2 33. Rxd2 Nxd2 34. Bc1 Nc4 35. Rd1 Bc6 36. Rd3 Bb5 37. Rd1 Ba4 38. Rd3 Ne5 ({Worse is} 38... Bxc2 39. Rc3 $11) 39. Rc3 c4 40. Kf1 Bd8 41. f4 {[%emt 0:09:47] [#]} Ba5 $1 42. Rg3 Ng6 43. fxg5 hxg5 44. c3 Bc2 {[%emt 0:02:24] Threatens to win with ...Bd3+.} 45. Rf3 (45. Kf2 $142) 45... Ne5 {[%emt 0:00:44] Black is clearly winning.} 46. Rf2 Bd3+ 47. Ke1 Bxc3+ 48. Bd2 Bd4 {[%emt 0:00:15] Weighted Error Value: White=0.34/Black=0.09 (flawless)} 0-1

[Event "Cabo Verde Open 2022"]
[Site "Mindelo-S. Vicente"]
[Date "2022.04.22"]
[Round "1.7"]
[White "Maisuradze, Nino"]
[Black "Miranda, Iura"]
[Result "1-0"]
[ECO "D06"]
[WhiteElo "2202"]
[BlackElo "1470"]
[Annotator "TA"]
[PlyCount "41"]
[EventDate "2022.04.22"]
[EventType "swiss"]
[SourceTitle "playchess.com"]
[Source "ChessBase"]
[SourceQuality "1"]
[TimeControl "40/5400+30:1800+30"]

1. d4 d5 2. c4 Nf6 3. cxd5 e6 4. dxe6 Bxe6 5. Nc3 Be7 (5... c5 $1 $14) 6. Nf3 {[%emt 0:00:12] D06: Queen's Gambit: Symmetrical and Baltic Defences.} O-O 7. e4 c6 (7... Bb4 $16 {was called for.}) 8. Bd3 {[%emt 0:00:38] [#] White is clearly better.} Nbd7 $146 ({Predecessor:} 8... h6 9. O-O Bg4 10. Be3 Nbd7 11. h3 Bh5 12. e5 Nd5 13. Nxd5 cxd5 14. g4 Bg6 15. Bxg6 fxg6 {½-½ (38) Reeh,A (1694)-Ludwig,S (1536) Radebeul 2019}) 9. Qc2 h5 (9... g6 $142 10. h3 Re8) 10. Ng5 {[%emt 0:00:28] aiming for e5.} Ng4 11. h4 {[%emt 0:01:29] f3 is the strong threat.} Nb6 12. f3 Qc7 $2 (12... Qxd4 {is a better defense.} 13. fxg4 Rad8) 13. e5 Nxe5 14. dxe5 Qxe5+ 15. Qe2 Qg3+ (15... Qxe2+ 16. Kxe2 Bc4 17. Bxc4 Nxc4) 16. Kf1 $18 Bxg5 17. hxg5 {[%emt 0:00:26] Strongly threatening Qe4.} ({Don't take} 17. Bxg5 Qd6 18. Rd1 Rae8 $18) 17... Nd5 (17... Rad8 $142 18. b3 (18. Rxh5 Rxd3 19. Qe4 g6 $18) 18... Qd6) 18. Rxh5 Nxc3 19. bxc3 Bg4 {[%emt 0:00:09] [#]} 20. Qe4 $1 g6 {[%emt 0:05:02] [#]} (20... Qe1+ 21. Qxe1) 21. Bf4 $1 {[%emt 0:01:12][%mdl 512] Black got outplayed after the opening.  Weighted Error Value: White=0.33/Black=0.80} 1-0

[Event "Cabo Verde Open 2022"]
[Site "Mindelo-S. Vicente"]
[Date "2022.04.23"]
[Round "1.8"]
[White "Moes Joaquim, Carlos"]
[Black "Varela La Madrid, Tilsia Carolina"]
[Result "0-1"]
[ECO "D53"]
[WhiteElo "1426"]
[BlackElo "2097"]
[Annotator "TA"]
[PlyCount "90"]
[EventDate "2022.04.22"]
[EventType "swiss"]
[SourceTitle "playchess.com"]
[Source "ChessBase"]
[SourceQuality "1"]
[TimeControl "40/5400+30:1800+30"]

1. d4 d5 2. c4 e6 3. Nc3 Nf6 4. Nf3 Be7 5. Bg5 c6 6. e3 Nbd7 7. Be2 dxc4 {[%emt 0:00:14] D53: Queen's Gambit Declined: 4 Bg5 Be7: Early deviations.} 8. a4 {[%emt 0:01:47] Prevents b5.} O-O 9. O-O {[%emt 0:01:30] [#]} c5 $146 {[%emt 0:07:05] The position is equal.} ({Predecessor:} 9... Nd5 10. Bxe7 Qxe7 11. Bxc4 Nxc3 12. bxc3 e5 13. a5 e4 14. Nd2 Nf6 15. Qb3 Re8 16. Rfb1 Qc7 17. Qb4 Rb8 18. Qc5 b6 19. axb6 axb6 20. Qg5 Bd7 {½-½ (44) Sjugirov,S (2673)-Pridorozhni,A (2533) Khanty-Mansiysk 2014}) 10. Qc2 cxd4 11. Nxd4 Ne5 12. Rfd1 Qa5 13. Bf4 Ng6 (13... Nd3 $5 14. Nb3 (14. Bxd3 cxd3 15. Qxd3 e5 $17) 14... Qb4 15. Bxd3 cxb3 $11) 14. Bg3 ({Much worse is} 14. Bxc4 e5 15. Nb3 Qb4 $15) 14... e5 15. Nf5 Bxf5 16. Qxf5 Qc5 17. h4 Qc8 18. Qc2 h5 19. Nd5 Nxd5 20. Rxd5 Qc6 21. Qxc4 Qxc4 22. Bxc4 Rac8 23. b3 Rfd8 {[%emt 0:01:22] Inhibits Rd7.} 24. Rad1 Rxd5 25. Rxd5 {[%emt 0:00:12] And now Rd7 would win.} Rd8 {[%emt 0:00:08] Inhibits Rd7.} 26. e4 ({White should play} 26. Rb5 $14) 26... Kf8 27. Be2 (27. Rxd8+ $11 Bxd8 28. Be2) 27... Rxd5 $15 28. exd5 Bxh4 29. Bxh4 {[%emt 0:00:37] Black continues to play with concentration.} ({Reject} 29. Bxh5 Bxg3 30. fxg3 Ke7 $17) ({White must play} 29. Bh2 $1 $15) 29... Nxh4 $17 30. Bxh5 $15 {[%emt 0:00:12][%mdl 4096] Endgame KB-KN} g6 31. Be2 {[%emt 0:00:17] [#]} Ke7 $1 32. g3 Nf5 33. Bc4 Kd6 34. Kg2 Ne7 35. Kf3 Nxd5 36. g4 $2 (36. Kg4 {was worth a try.}) 36... f5 $19 37. g5 $2 (37. Ke2) 37... a5 38. Kg3 e4 39. f4 exf3 40. Kxf3 Ke5 {[%emt 0:00:00] [#] ...b6 is the strong threat.} 41. Bb5 $2 (41. Kf2 Ke4 42. Be2) 41... Nc7 42. Bc4 Ne6 43. Bxe6 Kxe6 {[%emt 0:00:07] Black mates.} 44. Kf4 Kd5 45. Ke3 Ke5 {[%emt 0:00:11] Weighted Error Value: White=0.76/Black=0.15 (very precise)} 0-1

[Event "Cabo Verde Open 2022"]
[Site "Mindelo-S. Vicente"]
[Date "2022.04.23"]
[Round "2.1"]
[White "Junior, Ednasia"]
[Black "Strikovic, Aleksa"]
[Result "0-1"]
[ECO "B44"]
[WhiteElo "1898"]
[BlackElo "2489"]
[Annotator "TA"]
[PlyCount "70"]
[EventDate "2022.04.22"]
[EventType "swiss"]
[SourceTitle "playchess.com"]
[Source "ChessBase"]
[SourceQuality "1"]
[TimeControl "40/5400+30:1800+30"]

1. e4 c5 2. Nf3 e6 3. c4 Nc6 4. d4 cxd4 5. Nxd4 Bb4+ 6. Bd2 {[%emt 0:02:58] B44: Sicilian: Taimanov: 5 Nb5.} Bc5 7. Nb3 {[%emt 0:05:43] [#]} Be7 $146 ({Predecessor:} 7... Bd4 8. Nxd4 Nxd4 9. e5 b6 10. Qa4 h6 11. Nc3 Nf5 12. Bd3 Nge7 13. Ne4 Bb7 {1-0 (59) Buil Rello,J (1814)-Cabos Vidal,E (1497) Sabinanigo 2016}) 8. Qg4 (8. Nc3 $14) 8... h5 (8... Nf6 $5 9. Qf3 (9. Qxg7 Rg8 $15) 9... d5 10. exd5 exd5 11. cxd5 Qxd5 $15) 9. Qg3 h4 10. Qe3 ({But not} 10. Qxg7 Bf6 11. Qg4 Bxb2 $17) 10... Nf6 11. Be2 {[%emt 0:01:07] [#]} (11. Nc3 $11 {keeps the balance.}) 11... d5 $1 $17 12. exd5 exd5 13. Bc3 Be6 14. Bxf6 Bxf6 15. cxd5 Qxd5 16. Bf3 Qd6 {[%emt 0:13:58] &Nero is much more active.} 17. Nc3 Nb4 {[%emt 0:00:15] Strongly threatening ...Nc2+.} 18. Be4 {[%emt 0:01:26] Prevents Nc2+.} Qb6 19. Nc5 h3 {[%emt 0:07:16] Hoping for ...hxg2.} 20. g3 O-O $36 {[%emt 0:01:05][%mdl 2048] Threatens to win with ...Bc4. White is under pressure.} 21. O-O Rfe8 22. Nxe6 (22. N3a4 $11 Qb5 23. Nc3) 22... Qxe3 $1 $15 23. fxe3 Rxe6 24. Bxb7 (24. a3 $15 Bxc3 25. Bxb7) 24... Rb8 $17 25. Bf3 Rxe3 (25... Nc2 $5 26. Rab1 Nxe3 $17) 26. Bg4 Bd4 27. Kh1 Nd3 28. Rad1 $2 {[%emt 0:02:03][%mdl 8192] This costs White the game.} (28. Nd1 $1 $15 Re5 29. Bf5 Nf2+ 30. Nxf2 Rxf5 31. Nxh3 Rxf1+ 32. Rxf1) 28... Bxc3 $19 ({Not} 28... Rxb2 29. Nd5 Nf2+ 30. Rxf2 Rxf2 31. Nxe3 Bxe3 32. a4 $17) 29. bxc3 Rb2 30. Bf5 {[%emt 0:00:40] [#]} (30. Bxh3 $142 Nf2+ 31. Rxf2 Rxf2 32. Bg2) 30... Ree2 $1 {[%emt 0:00:21] Black is clearly winning.} 31. Bxh3 Nf2+ 32. Rxf2 Rxf2 33. Kg1 Rxh2 34. Bf1 Rhd2 {[%emt 0:01:14] Inhibits Rd8+.} 35. Re1 Rxa2 {[%emt 0:11:54] Weighted Error Value: White=0.45/Black=0.08 (flawless)} 0-1

[Event "Cabo Verde Open 2022"]
[Site "Mindelo-S. Vicente"]
[Date "2022.04.23"]
[Round "2.2"]
[White "Ortega Amarelle, Mariano"]
[Black "Ferreira, Paulo"]
[Result "1/2-1/2"]
[ECO "E69"]
[WhiteElo "2476"]
[BlackElo "2073"]
[Annotator "TA"]
[PlyCount "80"]
[EventDate "2022.04.22"]
[EventType "swiss"]
[SourceTitle "playchess.com"]
[Source "ChessBase"]
[SourceQuality "1"]
[TimeControl "40/5400+30:1800+30"]

1. d4 Nf6 2. Nf3 d6 3. c4 Nbd7 4. Nc3 e5 5. g3 g6 6. Bg2 Bg7 7. O-O O-O 8. e4 c6 9. h3 Qc7 10. Be3 Re8 11. Re1 exd4 12. Nxd4 Nc5 13. Qc2 a5 14. b3 {[%emt 0:04:10] E69: King's Indian: Fianchetto: 6...Nbd7 7 0-0 e5 8 e4 c6 9 h3.} Nh5 15. Rad1 {[%emt 0:03:33] [#]} Bd7 $146 ({Predecessor:} 15... Be6 16. Re2 Rad8 17. Nxe6 Nxe6 18. Red2 Qe7 19. Bb6 Rd7 20. c5 Qg5 21. cxd6 Be5 {1-0 (32) Aponte Castillo,J-Calzado del Toro,E Madrid 1999}) 16. a3 {[%emt 0:08:32] White is better.} Rad8 17. Rb1 (17. b4 $16 Na6 18. Qb3) 17... Qc8 (17... f5 $5) 18. g4 Nf4 19. Bxf4 $16 Bxd4 20. Qd2 (20. Bxd6 $142 f6 21. Qd2) 20... Be5 21. Bh6 Ne6 22. f4 {[%emt 0:07:50][%cal Bf2f4,Bf4f5][%mdl 32] Prevents g5.} Bd4+ 23. Kh1 {[%emt 0:00:18] Strongly threatening f5.} Bh8 24. f5 {[%emt 0:13:12] &Bianco is more active.} Nd4 25. Be3 c5 26. Nd5 (26. Bg5 $16) 26... Bc6 $14 27. Qxa5 (27. Bg5 $14 Bxd5 28. Bxd8 (28. exd5 Rxe1+ 29. Rxe1 Re8 $11) (28. cxd5 Rd7 $11)) 27... Nc2 $11 28. Re2 Nxe3 29. Nxe3 Be5 (29... Rxe4 $15 30. Rbe1 Re5) 30. Qd2 Qd7 31. Nc2 Qe7 {[%emt 0:00:26][%mdl 1024] Black has compensation.} 32. Ne1 g5 33. Nd3 Bd4 {[%emt 0:00:43] This bishop pair is nice.} 34. Bf3 Qf6 35. Kg2 Re7 36. b4 Rde8 37. bxc5 ({Better is} 37. Nf2 $11) 37... dxc5 $15 38. e5 Bxf3+ 39. Kxf3 Bxe5 40. Nxe5 {[%emt 0:00:00] The board is on fire.} Rxe5 {[%emt 0:04:37] Weighted Error Value: White=0.27 (precise) /Black=0.23 (precise)} 1/2-1/2

[Event "Cabo Verde Open 2022"]
[Site "Mindelo-S. Vicente"]
[Date "2022.04.23"]
[Round "2.3"]
[White "Rodriguez Guevara, Celia M."]
[Black "Galego, Luis"]
[Result "0-1"]
[ECO "B22"]
[WhiteElo "1849"]
[BlackElo "2474"]
[Annotator "TA"]
[PlyCount "48"]
[EventDate "2022.04.22"]
[EventType "swiss"]
[SourceTitle "playchess.com"]
[Source "ChessBase"]
[SourceQuality "1"]
[TimeControl "40/5400+30:1800+30"]

1. e4 c5 2. c3 Nf6 3. e5 Nd5 4. Nf3 e6 5. d4 cxd4 6. cxd4 d6 7. a3 Nc6 8. Bd3 Qc7 9. O-O Bd7 {[%emt 0:03:16][%cal Rd6e5] has lost popularity (9...dxe5). B22: Sicilian: 2 c3.} 10. Re1 Be7 11. Nbd2 Nf4 {[%emt 0:02:46] The position is equal.} 12. Bc2 (12. Be4 {is more complex.} O-O 13. exd6 Bxd6 14. Nc4) 12... dxe5 13. dxe5 Ng6 14. Nc4 O-O 15. Bg5 {[%emt 0:16:15] [#]} Rad8 $146 ({Predecessor:} 15... Rfd8 16. Bxg6 hxg6 17. Bxe7 Nxe7 18. Nd6 Bc6 19. Ng5 Nf5 20. Qg4 Nxd6 21. exd6 Qxd6 {½-½ (34) Alexopoulos,G (2200)-Sprenkle,D Peoria 1981}) 16. Bxe7 ({White should play} 16. Rc1 $14) 16... Ncxe7 $11 17. Qe2 Bb5 (17... Nf4 $5 18. Qf1 (18. Qe4 Neg6 $17) 18... b5 $17) 18. Bb3 (18. Rac1 $11 {remains equal.}) 18... Nf5 19. Rad1 Rxd1 20. Rxd1 Rc8 21. Rc1 h6 22. Qe4 $2 {[%emt 0:05:10][%mdl 8192] [#] Prevents Nf4.} (22. Rc3 $17 {is a better chance.}) 22... Bc6 $1 $19 {[%emt 0:00:49] Black is clearly winning.} 23. Qg4 Bxf3 24. Qxf3 b5 {[%emt 0:00:38] Weighted Error Value: White=0.68/Black=0.18 (very precise)} 0-1